 Dungeon Crawl Stone Soup version 0.24.0-13-gcf9b319 (webtiles) character file.

Game seed: 7991729438532221520, levelgen mode: deterministic

191 Balder the Shield-Bearer (level 6, -6/42 HPs)
             Began as a Halfling Fighter on Apr 23, 2020.
             Mangled by an orc warrior
             ... wielding a +0 long sword
              (14 damage)
             ... on level 3 of the Dungeon.
             The game lasted 00:11:06 (1962 turns).

Balder the Shield-Bearer (Halfling Fighter)         Turns: 1962, Time: 00:11:06

Health: -6/42      AC: 12    Str: 18    XL:     6   Next: 1%
Magic:  6/6        EV:  5    Int:  6    God:
Gold:   194        SH: 10    Dex: 15    Spells: 5/5 levels left

rFire    . . .     SeeInvis .   a - +0 long sword
rCold    . . .     Gourm    .   c - +0 shield
rNeg     . . .     Faith    .   n - +0 plate armour
rPois    .         Spirit   .   t - +0 helmet
rElec    .         Reflect  .   (no cloak)
rCorr    .         Harm     .   (no gloves)
MR       .....                  (no boots)
Stlth    ..........             (no amulet)
HPRegen  0.14/turn              (no ring)
MPRegen  0.10/turn              (no ring)

@: very slightly contaminated, invisible
A: small, mutation resistance 1
a: no special abilities


You were on level 3 of the Dungeon.
You were not hungry.

You visited 1 branch of the dungeon, and saw 3 of its levels.

You collected 194 gold pieces.

Inventory:

Hand Weapons
 a - a +0 long sword (weapon)
 d - a +0 hunting sling
 k - a +1 dagger of draining
 o - a +0 flail
Missiles
 i - 14 poisoned darts (quivered)
Armour
 c - a +0 shield (worn)
 n - a +0 plate armour (worn)
 t - a +0 helmet (worn)
Scrolls
 l - 2 scrolls of identify {unknown}
 p - a scroll of noise {unknown}
 q - a scroll of amnesia {unknown}
 r - a scroll of fear {unknown}
Potions
 h - a potion of agility {unknown}
 m - a potion of flight {unknown}
 s - a potion of degeneration {unknown}
Comestibles
 b - 2 chunks of flesh
 f - 4 rations


   Skills:
 * Level 3.1 Fighting
 * Level 0.7(2.6) Short Blades
 * Level 3.3(3.4) Long Blades
 * Level 0.5 Maces & Flails
 * Level 1.4 Throwing
 * Level 3.8 Armour
 * Level 1.5 Dodging
 * Level 1.4 Stealth
 * Level 3.9 Shields


You had 5 spell levels left.
You didn't know any spells.
Your spell library was empty.

Dungeon Overview and Level Annotations

Branches:
Dungeon (3/15)

Altars:
Hepliaklqana
Xom


Innate Abilities, Weirdness & Mutations

You are small and have problems with some larger weapons.
You are somewhat resistant to further mutation.


Message History

The orc warrior is moderately wounded.
The orc wizard mumbles some strange words.
The orc wizard blinks!
The orc warrior hits you with a +0 long sword.
* * * LOW HITPOINT WARNING * * *
It was a potion of invisibility.
You fade into invisibility!
The kobold throws a stone.
The stone barely misses the orc priest.
The stone hits the orc warrior but does no damage.
The orc warrior hits you but does no damage.
You are very lightly contaminated with residual magic.
You completely miss the orc warrior.
The orc warrior is moderately wounded.
The orc wizard gestures at you while chanting.
The magic dart hits the orc priest.
The kobold throws a stone.
The stone barely misses the orc priest.
The stone barely misses the orc warrior.
The stone barely misses you.
The orc warrior hits you with a +0 long sword!
You die...

........#
######..(
........#
#......<#
........#
#>.......
.>......#
#....o.%#
........#
#.<.(..(#
........#
#....(..#
........#
##ยง......#
........#
#######oKo.....#
.########
##....@oo#.######
########
#..#######.#
#......# #.## .#
#......## #.# .#
#.......###.# >#
#...........# .#
#......#..### .#
#####..##.########
#.....###........#


You could see an orc warrior, 2 orc priests, an orc wizard, an orc and a kobold.

Vanquished Creatures
  Natasha (thrice) (D:2)
  Robin (D:3)
  2 oozes (D:2)
  3 worms (D:2)
  2 dart slugs (D:1)
  An orc (D:3)
  A ball python (D:2)
  8 bats
  3 giant cockroaches
  12 goblins
  10 hobgoblins
  17 jackals
  5 kobolds
  2 quokkas (D:2)
  4 frilled lizards
  4 rats
78 creatures vanquished.

Notes
Turn   | Place    | Note
-------+----------+-------------------------------------------
     0 | D:1      | Balder the Halfling Fighter began the quest for the Orb.
     0 | D:1      | Reached XP level 1. HP: 15/15 MP: 1/1
    54 | D:1      | Reached XP level 2. HP: 14/20 MP: 2/2
   189 | D:1      | Found a shimmering altar of Xom.
   403 | D:1      | Reached XP level 3. HP: 25/25 MP: 3/3
   898 | D:2      | Reached XP level 4. HP: 28/31 MP: 4/4
   919 | D:2      | Reached skill level 1 in Throwing
  1094 | D:2      | Found a hazy altar of Hepliaklqana.
  1133 | D:2      | Noticed Natasha
  1150 | D:2      | Killed Natasha
  1150 | D:2      | Reached skill level 1 in Dodging
  1150 | D:2      | Reached skill level 1 in Stealth
  1298 | D:2      | Reached XP level 5. HP: 36/36 MP: 5/5
  1389 | D:2      | Noticed Natasha
  1399 | D:2      | Killed Natasha
  1573 | D:2      | Noticed Natasha
  1583 | D:2      | Killed Natasha
  1699 | D:3      | Noticed Robin
  1729 | D:3      | Killed Robin
  1839 | D:3      | Reached XP level 6. HP: 42/42 MP: 6/6
  1930 | D:3      | Noticed an orc warrior
  1962 | D:3      | Mangled by an orc warrior

Levels and vault maps discovered:
D:1:      minmay_arrival_five_plusses, layout_loops_ring, xom_teletrap_fun
D:2:      layout_loops_ring, lemuel_round_altar, serial_glass, glass_columns_a,
          glass_columns_a, minmay_hexomino_p4, uniq_natasha
D:3:      layout_rooms, lightli_temple_of_fire, uniq_robin

Skill      XL: |  1  2  3  4  5 |
---------------+----------------+-----
Fighting       | 3 |  3.1
Throwing       | 1 |  1.4
Dodging        | 1 |  1.5
Stealth        | 1 |  1.4
Long Blades    | 3 |  3.3
Short Blades   | |  0.7
Maces & Flails | |  0.5
Armour         | |  3.8
Shields        | |  3.9

Action                   |  1- 3 |  4- 6 || total
-------------------------+-------+-------++-------
Melee: Long sword        |    90 |   171 ||   261
Throw: Dart              |     9 |    28 ||    37
  Use: Potion            |       |     7 ||     7
  Eat: Chunk             |       |     2 ||     2
       Ration            |       |     1 ||     1
Armor: Scale mail        |    12 |       ||    12
       Plate armour      |    29 |   117 ||   146
Dodge: Dodged            |    24 |    47 ||    71
Block: Shield            |    41 |   101 ||   142
       Rpst.: Long sword |     7 |    17 ||    24
